 Dungeon Crawl Stone Soup version 0.30.0-18-gc0e69614cb (webtiles) character file.

Game seed: 4647126161746510771

6472 Darkkill the Fighter (level 10, -13/93 HPs)
             Began as a Minotaur Hunter on May 25, 2023.
             Was an Initiate of Gozag.
             Mangled by an orc wizard
             ... wielding a +2 dagger of electrocution
              (18 damage)
             ... on level 9 of the Dungeon.
             The game lasted 00:16:39 (6964 turns).

Darkkill the Fighter (Minotaur Hunter)              Turns: 6964, Time: 00:16:39

Health: -13/93     AC:  6    Str: 16    XL:     10   Next: 68%
Magic:  9/9        EV: 17    Int:  6    God:    Gozag
Gold:   858        SH:  0    Dex: 18    Spells: 9/9 levels left

rFire   . . .        a - +0 longbow (chaos)
rCold   . . .        (shield currently unavailable)
rNeg    . . .        c - +1 leather armour
rPois   .            (helmet restricted)
rElec   .            (no cloak)
rCorr   .            (no gloves)
SInv    .            e - +1 pair of boots
Will    .....        t - amulet of regeneration
Stlth   ++++         (no ring)
HPRegen 1.15/turn    (no ring)
MPRegen 0.11/turn

%: no passive effects
@: gold aura
A: horns 2, retaliatory headbutt
a: Renounce Religion, Potion Petition, Call Merchant, Bribe Branch


You were on level 9 of the Dungeon.
You worshipped Gozag.
Gozag was pleased with you.
You visited 1 branch of the dungeon, and saw 9 of its levels.

You collected 2552 gold pieces.
You spent 558 gold pieces at shops.
You paid 1136 gold pieces to Gozag.

Inventory:

Hand Weapons
 a - a +0 longbow of chaos (weapon)
 b - a +2 scythe of protection
Missiles
 d - 86 stones
 f - 39 poisoned darts
 l - 4 javelins
 s - a boomerang
 x - 2 curare-tipped darts {=f !f}
Armour
 c - a +1 leather armour (worn)
 e - a +1 pair of boots (worn)
Jewellery
 t - an amulet of regeneration (around neck)
Wands
 u - a wand of flame (17)
 B - a wand of roots (4)
Scrolls
 k - 3 scrolls of magic mapping
 o - a scroll of fear
 p - a scroll of teleportation
 q - 4 scrolls of immolation
 v - 3 scrolls of identify {@r1}
 y - a scroll of fog
Potions
 g - 2 potions of mutation
 i - a potion of invisibility
 j - a potion of berserk rage
 m - 2 potions of attraction
 n - 6 potions of curing {@q1}
 r - a potion of flight
 w - 2 potions of haste
 z - a potion of heal wounds
 A - a potion of might {unknown}


   Skills:
 + Level 10.1 Fighting
 + Level 10.0 Ranged Weapons
 + Level 9.2 Dodging
 + Level 7.5 Stealth


You had 9 spell levels left.
You didn't know any spells.
Your spell library contained the following spells:

 Spells                   Type           Power      Damage    Failure   Level
 Beastly Appendage        Tmut           0%         N/A       52%         1
 Slow                     Hex            0%         N/A       52%         1
 Poisonous Vapours        Pois/Air       0%         N/A       67%         2
 Wereblood                Tmut           0%         N/A       67%         2
 Confusing Touch          Hex            0%         N/A       88%         3
 Mephitic Cloud           Conj/Pois/Air  0%         N/A       88%         3
 Spider Form              Tmut/Pois      0%         N/A       88%         3
 Vampiric Draining        Necr           0%         2d6       88%         3
 Vhi's Electric Charge    Tloc/Air       0%         N/A       88%         3
 Manifold Assault         Tloc           0%         N/A       99%         4
 Arcjolt                  Conj/Air       0%         1d10      100%        5
 Freezing Cloud           Conj/Ice/Air   0%         6-21      100%        5
 Summon Forest            Summ/Tloc      0%         N/A       100%        5
 Summon Mana Viper        Hex/Summ       0%         N/A       100%        5
 Dispersal                Tloc           0%         N/A       100%        6
 Plasma Beam              Fire/Air       0%         2x1d11    100%        6
 Summon Cactus Giant      Summ           0%         N/A       100%        6
 Disjunction              Tloc           0%         N/A       100%        8


Dungeon Overview and Level Annotations

Branches:
Dungeon (9/15)             Temple (0/1) D:7            Lair (0/5) D:9
    Orc (0/2) D:9

Altars:
Dithmenos
Elyvilon
Gozag
Hepliaklqana
Kikubaaqudgha
Makhleb
Nemelex Xobeh
Trog
Yredelemnul

Shops:
D:2 (   D:5 *   D:8 !   D:9 ?*

Annotations:
D:7 2 runed translucent doors, exclusion: orange crystal statue


Innate Abilities, Weirdness & Mutations

You have a pair of horns on your head.
You reflexively headbutt those who attack you in melee.


Message History

You shoot an arrow.
The arrow hits the bullfrog but does no damage.
The bullfrog is severely wounded.
The bullfrog hits you but does no damage.
The wyvern completely misses you. You furiously retaliate!
You headbutt the wyvern!
The bullfrog hits you but does no damage.
There are monsters nearby!
You shoot an arrow. The arrow hits the bullfrog!
The arrow freezes the bullfrog.
The bullfrog is almost dead.
The wyvern closely misses you. The bullfrog misses you.
The orc wizard mumbles some strange words.
The orc wizard flickers and vanishes!
Deactivating autopickup; reactivate with Ctrl-A.
The wyvern completely misses you.
There are monsters nearby!
You shoot an arrow. The arrow hits the bullfrog!
The arrow burns the bullfrog.
You kill the bullfrog!
The wyvern completely misses you. You furiously retaliate!
You headbutt the wyvern. The wyvern closely misses you.
There are monsters nearby!
You shoot an arrow.
The arrow hits the wyvern but does no damage.
The wyvern is heavily wounded.
The troll bites you. The troll claws you! The troll claws you.
The wyvern closely misses you. You furiously retaliate!
You headbutt the wyvern! You shoot an arrow. The arrow hits the wyvern!
You kill the wyvern!
The troll bites you! The troll barely misses you. The troll closely misses you.
You shoot an arrow. The arrow barely misses the troll.
The arrow hits the orc priest!
Lightning courses through the orc priest!!
You kill the orc priest!
The troll bites you! The troll claws you. The troll misses you.
You are too injured to fight recklessly!
You are too injured to fight recklessly!
You are too injured to fight recklessly!
You are too injured to fight recklessly!
You are too injured to fight recklessly!
You are too injured to fight recklessly!
You are too injured to fight recklessly!
You are too injured to fight recklessly!
You are too injured to fight recklessly!
You are too injured to fight recklessly!
You are too injured to fight recklessly!
You are too injured to fight recklessly!
You are too injured to fight recklessly!
You shoot an arrow. The arrow barely misses the troll.
The arrow barely misses the orc wizard.
Something hits you. The troll closely misses you. The troll claws you.
The troll closely misses you.
The orc wizard hits you with a +2 dagger of electrocution.
The troll completely misses you. The troll claws you.
The troll closely misses you.
You hear some strange, mumbled words.
A puff of flame appears from out of thin air!
The puff of flame hits you.
The orc is distracted by your dazzling golden aura.
The orc shouts!
You shoot an arrow. The arrow hits the troll.
The arrow burns the troll.
The troll is lightly wounded.
The orc wizard closely misses you. The troll misses you.
The troll closely misses you. The troll claws you!
You hear a shout!
You shoot an arrow. The arrow hits the troll!
The arrow burns the troll.
The troll is moderately wounded.
The orc wizard gestures at you while chanting.
The puff of flame hits you. Something hits you.
The troll closely misses you. x2
The troll misses you.
You shoot an arrow. The arrow hits the troll!
The troll is poisoned.
The troll is heavily wounded.
The orc is no longer distracted by gold.
The orc wizard closely misses you.
You hear some strange, mumbled words.
A magic dart appears from out of thin air!
The magic dart hits you. The troll barely misses you. x3
You shoot an arrow. The arrow barely misses the troll.
The arrow hits the orc!
You kill the orc!
The troll barely misses you. x2; The troll claws you but does no damage.
The orc wizard gestures at you while chanting.
You easily resist.
Something closely misses you.
You shoot an arrow. The arrow closely misses the troll.
The troll misses you. You furiously retaliate!
You headbutt the troll! The troll completely misses you. The troll claws you.
* * * LOW HITPOINT WARNING * * *
The orc wizard hits you with a +2 dagger of electrocution.
* * * LOW HITPOINT WARNING * * *
You are electrocuted!
* * * LOW HITPOINT WARNING * * *
Something hits you.
* * * LOW HITPOINT WARNING * * *
You shoot an arrow. The arrow hits the troll!
You kill the troll!
The orc wizard hits you with a +2 dagger of electrocution.
* * * LOW HITPOINT WARNING * * *
You are electrocuted!!
You die...
Your body crumbles into a pile of gold.

#. ## #. .##≈ #. ...##
#. ....# ≈≈# #. ...[..
≈≈≈# #. ####......
#≈≈≈##. #.{o......
#≈≈≈#. #.@$$.....
#≈≈≈. #.########
###~≈~ #.# #...~~ #.#
#..... #.# # ###.....
#.#######...###...#
#.......#....#...##
###PP.P♣#..........##
##P♣..P..PP......#....


You could see an orc wizard.

Vanquished Creatures
  A two-headed ogre (D:7)
  A troll (D:9)
  A hornet (D:8)
  Sigmund (D:3)
  A wraith (D:9)
  4 yaks (D:9)
  3 wyverns (D:9)
  2 steam dragons
  4 vampire mosquitoes (D:8)
  Menkaure (D:4)
  2 acid dragons
  Duvessa (D:4)
  3 orc warriors
  5 water moccasins
  An ice beast (D:7)
  2 sky beasts
  An ogre (D:6)
  2 centaurs
  3 kobold brigands
  3 bullfrogs
  3 scorpions
  A gnoll sergeant (D:9)
  Dowan (D:4)
  A howler monkey (D:7)
  4 hounds
  6 orc priests
  5 jellies
  A gnoll bouda (D:7)
  Natasha (thrice) (D:3)
  6 iguanas
  Ijyb (D:4)
  Terence (D:3)
  3 orc wizards
  Robin (D:2)
  7 gnolls
  5 adders
  4 shadow imps
  A white imp (D:8)
  3 ufetubi
  2 worms
  4 dart slugs
  27 orcs
  3 bats (D:2)
  13 endoplasms
  2 giant cockroaches
  13 goblins
  10 hobgoblins
  22 kobolds
  3 quokkas
  5 ball pythons
  A frilled lizard (D:2)
  4 rats
208 creatures vanquished.

Notes
Turn   | Place    | Note
-------+----------+-------------------------------------------
     0 | D:1      | Darkkill the Minotaur Hunter began the quest for the Orb.
     0 | D:1      | Reached XP level 1. HP: 18/18 MP: 0/0
   256 | D:1      | Reached skill level 1 in Stealth
   469 | D:1      | Reached XP level 2. HP: 25/25 MP: 1/1
   862 | D:2      | Noticed Robin
   872 | D:2      | Reached XP level 3. HP: 27/31 MP: 2/2
   874 | D:2      | Killed Robin
  1002 | D:2      | Found a faded altar of an unknown god.
  1238 | D:2      | Reached XP level 4. HP: 38/38 MP: 3/3
  1494 | D:2      | Found Keah Cai's Weapon Emporium.
  1914 | D:3      | Found a hazy altar of Hepliaklqana.
  1970 | D:3      | Reached skill level 5 in Ranged Weapons
  2043 | D:3      | Noticed Natasha
  2046 | D:3      | Killed Natasha
  2230 | D:3      | Noticed Terence
  2234 | D:3      | Killed Terence
  2235 | D:3      | Reached XP level 5. HP: 46/46 MP: 4/4
  2266 | D:3      | Found a sparkling altar of Nemelex Xobeh.
  2414 | D:3      | Noticed Sigmund
  2424 | D:3      | Killed Sigmund
  2425 | D:3      | Reached XP level 6. HP: 23/53 MP: 5/5
  2631 | D:3      | Noticed Natasha
  2639 | D:3      | Killed Natasha
  2745 | D:3      | Noticed Natasha
  2755 | D:3      | Killed Natasha
  2928 | D:4      | Noticed Ijyb
  2940 | D:4      | Killed Ijyb
  3216 | D:4      | Noticed Dowan
  3217 | D:4      | Noticed Duvessa
  3226 | D:4      | Killed Dowan
  3227 | D:4      | Reached skill level 5 in Fighting
  3227 | D:4      | Reached XP level 7. HP: 55/61 MP: 6/6
  3228 | D:4      | Killed Duvessa
  3613 | D:4      | Noticed Menkaure
  3623 | D:4      | Killed Menkaure
  3624 | D:4      | Reached skill level 5 in Dodging
  3828 | D:4      | Found a burning altar of Makhleb.
  3945 | D:5      | Entered Level 5 of the Dungeon
  4054 | D:5      | Found a shadowy altar of Dithmenos.
  4192 | D:5      | Reached XP level 8. HP: 63/70 MP: 7/7
  4243 | D:5      | Found Gamanke's Assorted Antiques.
  4535 | D:6      | Found an opulent altar of Gozag.
  4542 | D:6      | Became a worshipper of Gozag Ym Sagoz the Greedy
  4676 | D:6      | Reached skill level 5 in Stealth
  4715 | D:6      | Found an ancient bone altar of Kikubaaqudgha.
  5065 | D:7      | HP: 13/73 [gnoll/+0 spear[a gnoll bouda] (5)]
  5067 | D:7      | HP: 6/73 [gnoll/+0 spear[a gnoll bouda] (5)]
  5179 | D:7      | Reached XP level 9. HP: 79/79 MP: 8/8
  5187 | D:7      | Identified the +8 flail of the Spheres {speed, rN+}
  5245 | D:7      | Found the +10 tower shield of Ignorance {rN+ Int-4}
  5260 | D:7      | Found a runed translucent door.
  5297 | D:7      | Found a staircase to the Ecumenical Temple.
  5304 | D:7      | Noticed a two-headed ogre
  5322 | D:7      | Killed a two-headed ogre
  5568 | D:7      | Found a white marble altar of Elyvilon.
  5573 | D:7      | Found a bloodstained altar of Trog.
  5621 | D:7      | Found a runed translucent door.
  5621 | D:7      | Noticed an orange crystal statue
  5872 | D:8      | Found a basalt altar of Yredelemnul.
  6057 | D:8      | Paralysed by a hornet for 1 turns
  6125 | D:8      | Bought a potion of heal wounds for 70 gold pieces
  6125 | D:8      | Bought a potion of curing for 42 gold pieces
  6125 | D:8      | Bought a potion of heal wounds for 70 gold pieces
  6289 | D:8      | Reached XP level 10. HP: 78/91 MP: 9/9
  6498 | D:9      | Found a staircase to the Orcish Mines.
  6595 | D:9      | Found Sydupp's Assorted Antiques.
  6598 | D:9      | Bought a runed longbow for 237 gold pieces
  6598 | D:9      | Bought a scroll labelled NEIPIM ODUL BUO for 25 gold pieces
  6603 | D:9      | Acquired 1281 gold pieces
  6608 | D:9      | Bought a scroll of brand weapon for 114 gold pieces
  6882 | D:9      | Found a staircase to the Lair.
  6907 | D:9      | Reached skill level 10 in Fighting
  6907 | D:9      | Reached skill level 10 in Ranged Weapons
  6963 | D:9      | HP: 10/93 [orc wizard/+2 dagger of electrocution (16)]
  6964 | D:9      | Mangled by an orc wizard

Illustrated notes

Levels and vault maps discovered:
D:1:      scummos_arrival_simple_fountains, layout_basic, serial_bayou_pond_e
D:2:      minmay_general_purpose_star, layout_loops_corners,
          shapermc_ecumenical_altar_acropolis, serial_shops,
          nicolae_shop_temple_entry_statues_fountains, minmay_pentomino_u2,
          uniq_robin
D:3:      layout_loops_cross, mainiacjoe_overflow_surrounded_room,
          lemuel_tele_altar, grunt_decor_cap, kennysheep_generic_room_14,
          uniq_terence, uniq_natasha, uniq_sigmund
D:4:      layout_basic, makhleb_blood_cavern_becter, uniq_ijyb, uniq_duvessa,
          uniq_menkaure
D:5:      layout_layer_cave, grunt_dithmenos_smoke_and_mirrors, serial_shops,
          nicolae_shop_overgrown_old_shop, minivault_23, serial_bayou_pond_e
D:6:      layout_rooms, mainiacjoe_overflow_boulevard, lemuel_doored_altar
D:7:      layout_cave_pools, nicolae_overflow_squiral, minmay_temple_entry_grid,
          chequers_guarded_unrand_ignorance
D:8:      layout_rooms, mainiacjoe_overflow_alcove_1, serial_demonic,
          serial_demonic_e, serial_demonic_b, serial_demonic_g,
          serial_demonic_g, serial_demonic_c, serial_demonic_a
D:9:      layout_cave_pools, nicolae_uskayaw_dance_hall, kennysheep_mini_moat,
          minmay_lair_entry_grove, orc_0_dummy, serial_shops,
          nicolae_shop_behind_doors, kennysheep_opposing_triangles

Skill      XL: |  1  2  3  4  5  6  7  8  9 10 |
---------------+-------------------------------+-----
Stealth        | 1 2 3 4 5 6 7 |  7.5
Fighting       | 3 4 5 6 7 9 10 | 10.1
Dodging        | 3 4 5 6 8 9 |  9.2
Ranged Weapons | 5 6 7 9 10 | 10.0

Action                     |  1- 3 |  4- 6 |  7- 9 | 10-12 || total
---------------------------+-------+-------+-------+-------++-------
  Melee: Halberd           |       |     2 |       |       ||     2
         Headbutt          |       |     1 |       |       ||     1
         Shortbow          |       |       |     2 |       ||     2
   Fire: Shortbow          |    91 |   123 |   403 |    32 ||   649
         Longbow           |       |       |       |   102 ||   102
 Invoke: Call Merchant     |       |       |     1 |     1 ||     2
  Evoke: Wand              |       |     2 |    13 |     5 ||    20
    Use: Scroll            |       |     9 |    15 |     3 ||    27
         Potion            |       |       |       |     1 ||     1
 Armour: Leather armour    |     6 |     9 |    67 |    15 ||    97
  Dodge: Dodged            |    28 |    28 |   206 |    99 ||   361

Levels and vault maps discovered:
D:1:      scummos_arrival_simple_fountains, layout_basic, serial_bayou_pond_e
D:2:      minmay_general_purpose_star, layout_loops_corners,
          shapermc_ecumenical_altar_acropolis, serial_shops,
          nicolae_shop_temple_entry_statues_fountains, minmay_pentomino_u2,
          uniq_robin
D:3:      layout_loops_cross, mainiacjoe_overflow_surrounded_room,
          lemuel_tele_altar, grunt_decor_cap, kennysheep_generic_room_14,
          uniq_terence, uniq_natasha, uniq_sigmund
D:4:      layout_basic, makhleb_blood_cavern_becter, uniq_ijyb, uniq_duvessa,
          uniq_menkaure
D:5:      layout_layer_cave, grunt_dithmenos_smoke_and_mirrors, serial_shops,
          nicolae_shop_overgrown_old_shop, minivault_23, serial_bayou_pond_e
D:6:      layout_rooms, mainiacjoe_overflow_boulevard, lemuel_doored_altar
D:7:      layout_cave_pools, nicolae_overflow_squiral, minmay_temple_entry_grid,
          chequers_guarded_unrand_ignorance
D:8:      layout_rooms, mainiacjoe_overflow_alcove_1, serial_demonic,
          serial_demonic_e, serial_demonic_b, serial_demonic_g,
          serial_demonic_g, serial_demonic_c, serial_demonic_a
D:9:      layout_cave_pools, nicolae_uskayaw_dance_hall, kennysheep_mini_moat,
          minmay_lair_entry_grove, orc_0_dummy, serial_shops,
          nicolae_shop_behind_doors, kennysheep_opposing_triangles

Table legend: (Time is in decaauts)
 A = Elapsed time spent in this place.
 B = Non-inter-level travel time spent in this place.
 C = Inter-level travel time spent in this place.
 D = Time resting spent in this place.
 E = Time spent auto-exploring this place.
 F = Levels seen in this place.
 G = Mean time per level.
                   A        B        C        D        E       F      G
               +--------+--------+--------+--------+--------+-----+--------+
         Total |   7122 |   6932 |    190 |    126 |   5358 |   9 |  791.3 |
       Dungeon |   7122 |   6932 |    190 |    126 |   5358 |   9 |  791.3 |
               +--------+--------+--------+--------+--------+-----+--------+

Top non-repeatable levels by time:
     D:3: 1117 daAuts
     D:4: 1051 daAuts
     D:2: 989 daAuts
     D:1: 860 daAuts
     D:8: 709 daAuts
     D:7: 695 daAuts
     D:5: 595 daAuts
     D:6: 592 daAuts
     D:9: 511 daAuts

Table legend:
 A = Kills in this place as a percentage of kills in the entire game.
 B = Kills by you in this place as a percentage of kills by you in the entire game.
 C = Kills by friends in this place as a percentage of kills by friends in the entire game.
 D = Other kills in this place as a percentage of other kills in the entire game.
 E = Experience gained in this place as a percentage of experience gained in the entire game.
 F = Experience gained in this place divided by the number of levels of this place that you have seen.
                   A       B       C       D       E      F
               +-------+-------+-------+-------+-------+----------------------
         Total | 100.0 | 100.0 |   N/A |   N/A | 100.0 | 1060.3
       Dungeon | 100.0 | 100.0 |   N/A |   N/A | 100.0 | 1060.3
               +-------+-------+-------+-------+-------+----------------------
